 Dungeon Crawl Stone Soup version 0.21-a0-150-gc243083 (console) character file.

1 Goblin1989 the Skirmisher (level 1, 0/18 HPs)
             Began as a Demonspawn Monk on July 27, 2017.
             Slain by a goblin
             ... wielding a +0 club
              (3 damage)
             ... on level 1 of the Dungeon.
             The game lasted 00:00:13 (14 turns).

Goblin1989 the Skirmisher (Demonspawn Monk)           Turns: 14, Time: 00:00:14

Health: 0/18       AC:  2    Str: 11    XL:     1   Next: 16%
Magic:  1/1        EV: 13    Int: 11    God:
Gold:   0          SH:  0    Dex: 15    Spells: 0/0 levels left

rFire    . . .     SeeInvis .   a - +0 hand axe
rCold    . . .     Gourm    .   (no shield)
rNeg     . . .     Faith    .   b - +0 robe
rPois    .         Spirit   .   (no helmet)
rElec    .         Reflect  .   (no cloak)
rCorr    .         Harm     .   (no gloves)
MR       .....                  (no boots)
Stlth    +.........             (no amulet)
HPRegen  0.06/turn              (no ring)
MPRegen  0.07/turn              (no ring)

@: very slow
A: no striking features
a: no special abilities


You were on level 1 of the Dungeon.
You were not hungry.

You visited 1 branch of the dungeon, and saw 1 of its levels.

Inventory:

Hand Weapons
 a - a +0 hand axe (weapon)
Armour
 b - a +0 robe (worn)
Comestibles
 e - a bread ration {@e1}


   Skills:
 - Level 3.0 Fighting
 + Level 2.8 Axes
 - Level 2.6 Dodging
 - Level 1.7 Stealth


You couldn't memorise any spells.
You didn't know any spells.

Dungeon Overview and Level Annotations

Branches:
Dungeon (1/15)

Altars:


Message History

e - a bread ration Welcome, Goblin1989 the Demonspawn Monk.
Will you be the one to retrieve the fabulous Orb of Zot from the depths?
Press ? for a list of commands and other information.
Found a staircase leading out of the dungeon.
A kobold comes into view. It is wielding a dagger.
A goblin comes into view. It is wielding a dagger.
The goblin shouts!
You enter the shallow water.
Moving in this stuff is going to be slow.
You hit the kobold.
The kobold is severely wounded.
You hit the toadstool.
You destroy the toadstool!
The kobold hits you with a dagger.
A goblin comes into view. It is wielding a club.
You take 1 damage, and have 17/18 hp.
You barely miss the kobold.
The kobold is severely wounded.
The goblin shouts!
The kobold hits you with a dagger.
The goblin moves out of view.
You take 5 damage, and have 12/18 hp.
MASSIVE DAMAGE!!
You hit the kobold.
You kill the kobold!
The goblin hits you with a dagger.
A bat comes into view.
You take 2 damage, and have 10/18 hp.
You are too injured to fight recklessly!
You are too injured to fight recklessly!
You are too injured to fight recklessly!
You are too injured to fight recklessly!
You are too injured to fight recklessly!
You are too injured to fight recklessly!
You are too injured to fight recklessly!
You are too injured to fight recklessly!
You are too injured to fight recklessly!
You are too injured to fight recklessly!
You are too injured to fight recklessly!
You are too injured to fight recklessly!
You are too injured to fight recklessly!
You are too injured to fight recklessly!
You are too injured to fight recklessly!
You are too injured to fight recklessly!
You are too injured to fight recklessly!
You are too injured to fight recklessly!
You are too injured to fight recklessly!
You are too injured to fight recklessly!
Unknown command.
You are too injured to fight recklessly!
Your unstable footing causes you to fumble your attack.
The goblin closely misses you.
A goblin and a kobold come into view.
You closely miss the goblin.
The goblin shouts!
The goblin closely misses you.
Your unstable footing causes you to fumble your attack.
The bat misses you. The goblin hits you with a dagger.
The goblin splashes around in the water.
You take 1 damage, and have 9/18 hp.
Your unstable footing causes you to fumble your attack.
The bat misses you. The goblin barely misses you.
The goblin hits you with a club.
* * * LOW HITPOINT WARNING * * *
You take 3 damage, and have 6/18 hp.
Your unstable footing causes you to fumble your attack.
The bat completely misses you. The goblin closely misses you.
The goblin splashes around in the water.
Your unstable footing causes you to fumble your attack.
The goblin barely misses you. The bat hits you.
* * * LOW HITPOINT WARNING * * *
The goblin completely misses you.
The goblin splashes around in the water.
You take 1 damage, and have 5/18 hp.
Your unstable footing causes you to fumble your attack.
The bat completely misses you. The goblin closely misses you.
The goblin barely misses you. The goblin hits you with a club.
* * * LOW HITPOINT WARNING * * *
The goblin closely misses you.
You take 3 damage, and have 2/18 hp.
Your unstable footing causes you to fumble your attack.
The bat hits you but does no damage. The goblin hits you with a club.
You die...

......... ███
?...?.... .. ...
........ .██ ....
█..≈....██.≈██.....
.≈♣≈....█≈♣≈█.....
♣Ψ♣≈≈≈≈≈♣Ψ♣≈.....
..≈♣.....b.♣g......
...≈...<...@gK.█
.[≈♣......!.g.██
♣Ψ♣≈≈≈≈≈PΨP≈█
█≈♣≈..███≈P≈██
█≈███ ..≈.... ██
........█ !.......█
........██ .....█


You could see 3 goblins, a bat and a kobold.

Vanquished Creatures
  A kobold (D:1)
  A toadstool (D:1)
2 creatures vanquished.

Notes
Turn   | Place    | Note
-------+----------+-------------------------------------------
     0 | D:1      | Goblin1989 the Demonspawn Monk began the quest for the Orb.
     0 | D:1      | Reached XP level 1. HP: 18/18 MP: 1/1
    14 | D:1      | Slain by a goblin

Vault maps used:
D:1:      ldierk_water_garden

Action                   || total
-------------------------++-------
Melee: Hand axe          ||    11
Armor: Robe              ||     1
Dodge: Dodged            ||    13

Vault maps used:
D:1:      ldierk_water_garden
